 Dungeon Crawl Stone Soup version 0.28.0-53-g5a82cb258f (webtiles) character file.

Game seed: 2305788734534754247

468 buhh the Chiller (level 7, 0/48 HPs)
             Began as an Octopode Transmuter on June 17, 2022.
             Slain by a killer bee (9 damage)
             ... on level 5 of the Dungeon.
             The game lasted 00:11:10 (4009 turns).

buhh the Chiller (Octopode Transmuter)              Turns: 4009, Time: 00:11:11

Health: 0/48       AC:  1    Str:  9    XL:     7   Next: 8%
Magic:  7/10       EV: 13    Int: 17    God:
Gold:   193        SH:  0    Dex: 13    Spells: 3/10 levels left

rFire   . . .      SeeInvis .     - Unarmed
rCold   . . .      Faith    .   (no shield)
rNeg    . . .      Spirit   .   (helmet currently unavailable)
rPois   .          Reflect  .   f - amulet of regeneration
rElec   .          Harm     .   (no ring)
rCorr   .          Rampage  .   (no ring)
Will    .....                   (no ring)
Stlth   +++.......              (no ring)
HPRegen 0.96/turn               (no ring)
MPRegen 0.12/turn               (no ring)
                                (no ring)
                                (no ring)

@: appendages, wereblooded
A: tentacle spike 3, almost no armour, amphibious, 8 rings, camouflage 1,
gelatinous body 1, (nimble swimmer 1), tentacles
a: End Transformation


You were on level 5 of the Dungeon.
One of your tentacles had grown a beastly spike.
You visited 1 branch of the dungeon, and saw 5 of its levels.
You also visited: Sewer.

You collected 193 gold pieces.

Inventory:

Missiles
 g - 12 poisoned darts
Jewellery
 d - a ring of fire
 f - an amulet of regeneration (around mantle)
Scrolls
 a - a scroll of noise
Potions
 b - 4 potions of brilliance {unknown}
 c - a potion of ambrosia {unknown}
 e - a potion of mutation {unknown}
 k - 2 potions of flight
 N - 3 potions of curing {!q!d}


   Skills:
 - Level 4.0 Fighting
 - Level 2.0 Dodging
 - Level 1.0 Stealth
 - Level 3.0 Unarmed Combat
 - Level 2.0 Spellcasting
 * Level 2.3 Transmutations
 * Level 5.5 Ice Magic


You had 3 spell levels left.
You knew the following spells:

 Your Spells              Type           Power      Damage    Failure   Level
a - Beastly Appendage     Tmut           18%        N/A       8%          1
b - Wereblood             Tmut           9%         N/A       12%         2
c - Ice Form              Ice/Tmut       15%        N/A       36%         4

Your spell library contained the following spells:

 Spells                   Type           Power      Damage    Failure   Level
 Ensorcelled Hibernation  Hex/Ice        22%        N/A       10%         2
 Passwall                 Tmut/Erth      4%         N/A       19%         2
 Blink                    Tloc           2%         N/A       28%         2
 Spider Form              Tmut/Pois      5%         N/A       36%         3
 Lesser Beckoning         Tloc           1%         N/A       50%         3
 Swiftness                Air            1%         N/A       50%         3
 Hailstorm                Conj/Ice       11%        3d5       52%         4
 Manifold Assault         Tloc           1%         N/A       99%         5
 Simulacrum               Ice/Necr       5%         N/A       100%        6


Dungeon Overview and Level Annotations

Branches:
Dungeon (5/15)              Sewer (visited)
 Temple: D:4-7

Altars:
Uskayaw
Vehumet

Annotations:
D:4 exclusions: black bear and jelly, Blork the orc
D:5 4 runed translucent doors


Innate Abilities, Weirdness & Mutations

One of your tentacles has grown a beastly spike.
You cannot wear most types of armour.
You are amphibious.
You can wear up to eight rings at the same time.
Your skin changes colour to match your surroundings (Stealth+).
Your rubbery body absorbs attacks. (AC +1, EV +1)
((You are camouflaged when in or above water. (Stealth+)))
You have tentacles for arms and can constrict up to eight enemies at once.


Message History

The killer bee stings you.
You are more poisoned.
The killer bee poisons you! The killer bee stings you.
You tentacle-slap the killer bee. Your squeeze misses the killer bee.
The killer bee is lightly wounded.
You howl as the wereblood boils in your veins!
You constrict the killer bee.
You feel very sick. The killer bee stings you!
* * * LOW HITPOINT WARNING * * *
The killer bee closely misses you.
Really quaff
M - a potion of heal wounds {!q!d}?
You feel much better.
You constrict the killer bee.
You feel very sick. The killer bee barely misses you.
The killer bee stings you.
You are more poisoned.
The killer bee poisons you!
Casting: Beastly Appendage (safe; 8% risk of failure)
Press: ? - help, Q - select action, (/) - cycle Dir - look around, f - activate You extend your transformation's duration.
You constrict the killer bee.
You feel very sick. The killer bee stings you.
* * * LOW HITPOINT WARNING * * *
You are lethally poisoned!
The killer bee poisons you! The killer bee stings you.
* * * LOW HITPOINT WARNING * * *
You are more poisoned.
The killer bee poisons you!
You barely miss the killer bee.
The killer bee is heavily wounded.
You howl as the wereblood boils in your veins!
You constrict the killer bee.
* * * LOW HITPOINT WARNING * * *
You feel extremely sick. The killer bee closely misses you.
The killer bee stings you.
* * * LOW HITPOINT WARNING * * *
Really quaff
N - 4 potions of curing {!q!d}?
You feel better.
You constrict the killer bee. The killer bee stings you!
You die...

.....##...###...#....# ###.####
....####...#...#...(.#####..#.#
...## ###...##.......##..###.#
....## #..#..###.....### ####
.....# #....# #..##.## #.##
..#....# #....# #.# #..# #...
.##..#... #....####.# ##.# #...
.# ....#.y..##.y##..#
#.#####... ## ........# ###@..#
#..##..### ##......... ##..##
##.#..##
......###..#######..### #....#
##..## ##............###....##
## #..#####.............#
#....####.....## #..###
#..##..## #.## ##.....##. ..#
### #.........


You could see a killer bee.

Vanquished Creatures
  A kobold brigand (Sewer)
  2 killer bees (D:5)
  A bullfrog zombie (D:5)
  A hound (D:3)
  2 scorpion zombies (D:5)
  Natasha (thrice) (D:2)
  2 adders (D:2)
  3 gnolls (D:5)
  3 dart slugs
  An orc (D:5)
  4 bats
  11 endoplasms
  5 giant cockroaches
  4 goblins
  2 hobgoblins
  2 jackals (Sewer)
  6 kobolds
  8 quokkas
  6 ball pythons
  5 frilled lizards
  9 rats
81 creatures vanquished.

Notes
Turn   | Place    | Note
-------+----------+-------------------------------------------
     0 | D:1      | buhh the Octopode Transmuter began the quest for the Orb.
     0 | D:1      | Reached XP level 1. HP: 13/13 MP: 3/3
   242 | D:1      | Reached XP level 2. HP: 19/19 MP: 3/5
   763 | D:1      | Found a faded altar of an unknown god.
  1051 | D:2      | Reached XP level 3. HP: 25/25 MP: 4/6
  1074 | D:2      | Noticed Natasha
  1471 | D:2      | Killed Natasha
  1472 | D:2      | Reached XP level 4. HP: 12/33 MP: 5/7
  1835 | D:2      | Noticed Natasha
  1842 | D:2      | Killed Natasha
  1843 | D:2      | Reached skill level 1 in Ice Magic
  2233 | D:2      | Noticed Natasha
  2239 | D:2      | Killed Natasha
  2240 | D:2      | Reached skill level 2 in Ice Magic
  2240 | D:2      | Reached XP level 5. HP: 31/37 MP: 6/8
  2243 | D:2      | Learned a level 2 spell: Wereblood
  2248 | D:2      | Learned a level 4 spell: Ice Form
  2369 | D:3      | Found a radiant altar of Vehumet.
  2577 | D:3      | Found a hide-covered altar of Uskayaw.
  2683 | D:3      | Reached skill level 3 in Ice Magic
  2987 | D:4      | Noticed a black bear
  2995 | D:4      | Noticed Blork the orc
  3150 | D:5      | Entered Level 5 of the Dungeon
  3166 | D:5      | Reached XP level 6. HP: 34/43 MP: 7/9
  3170 | D:5      | Reached skill level 4 in Ice Magic
  3191 | D:5      | Found a large runed translucent door.
  3192 | D:5      | Found a large runed translucent door.
  3388 | D:5      | Found a large runed translucent door.
  3390 | D:5      | Found a large runed translucent door.
  3433 | D:5      | Noticed a yak
  3538 | D:5      | Found a glowing drain.
  3547 | Sewer    | Entered a sewer
  3635 | Sewer    | Reached skill level 5 in Ice Magic
  3702 | Sewer    | Found a glowing silver altar of Zin.
  4004 | D:5      | Reached XP level 7. HP: 25/48 MP: 7/10
  4008 | D:5      | HP: 1/48 [killer bee (2)]
  4009 | D:5      | Slain by a killer bee

Illustrated notes

Levels and vault maps discovered:
D:1:      dpeg_arrival_rhombi, layout_basic,
          dreamdust_ecumenical_altar_hidden_monk_grotto
D:2:      layout_basic, uniq_natasha
D:3:      layout_rooms, mainiacjoe_overflow_cross_hatched,
          nicolae_vehumet_radiance
D:4:      layout_layer_cave, minmay_pentomino_pile, uniq_blork_the_orc,
          uniq_menkaure
D:5:      layout_layer_cave, portal_sewer_entry_f, grunt_decor_arrowhead,
          minmay_hollow_rounded_squares, uniq_crazy_yiuf_cottage

Skill      XL: |  1  2  3  4  5  6 |
---------------+-------------------+-----
Stealth        | 1 |  1.0
Fighting       | 2 3 4 |  4.0
Ice Magic      | 2 3 5 |  5.5
Dodging        | |  2.0
Unarmed Combat | |  3.0
Spellcasting   | |  2.0
Transmutations | |  2.3

Action                   |  1- 3 |  4- 6 |  7- 9 || total
-------------------------+-------+-------+-------++-------
Melee: Unarmed           |    71 |   143 |     3 ||   217
       Kick              |    24 |    50 |       ||    74
       Tentacles         |    10 |    24 |       ||    34
       Constrict         |    17 |    31 |     1 ||    49
       Punch             |     2 |     4 |       ||     6
 Cast: Beastly Appendage |    27 |    31 |     1 ||    59
       Wereblood         |       |     1 |       ||     1
  Use: Scroll            |     5 |     2 |       ||     7
       Potion            |       |     1 |     2 ||     3
 Stab: Sleeping          |     6 |     7 |       ||    13
Armor: Skin              |     4 |     6 |       ||    10
Dodge: Dodged            |    37 |    74 |     3 ||   114
